 Dungeon Crawl Stone Soup version 0.30.1-11-g7821555f0a (webtiles) character file.

Game seed: 2631031019147714668

510615 ozzols the Conqueror (level 23, -11/235 (240) HPs)
             Began as a Minotaur Berserker on Dec 12, 2023.
             Was a High Priest of Trog.
             Mangled by a +1 glaive of venom (24 damage)
             ... animated by Zenata
             ... on level 1 of the Elven Halls.
             The game lasted 03:17:39 (57882 turns).

ozzols the Conqueror (Minotaur Berserker)          Turns: 57882, Time: 03:17:40

HP:   -11/235 (240) AC: 39    Str: 40 (43) XL:     23   Next: 92%
MP:   22/22         EV: 22    Int:  3 (4)  God:    Trog [*****.]
Gold: 2017          SH:  0    Dex: 15 (16) Spells: 22/22 levels left

rFire   + . .        m - +2 battleaxe of Inference {vamp, rN+ Int+5 Dex+3}
rCold   + . .        (shield currently unavailable)
rNeg    + . .        U - +8 plate armour "Wyosa" {Will+}
rPois   .            w - +2 hat {Will+}
rElec   .            g - scarf {rC+ rF+}
rCorr   .            x - +2 pair of gloves {Str+3}
SInv    +            H - +1 pair of boots "Fizot" {Str+4 Int-5}
Will    +++++        D - amulet of regeneration Stlth
                     e - ring of see invisible
HPRegen 2.39/turn    a - +6 ring of strength
MPRegen 0.18/turn

%: no passive effects
@: lethally poisoned (-11 -> -18), strong-willed, regenerating, lightly drained
A: horns 2, retaliatory headbutt
}: 3/15 runes: serpentine, barnacled, silver
a: Renounce Religion, Berserk, Trog's Hand, Brothers in Arms


You were on level 1 of the Elven Halls.
You worshipped Trog.
Trog was extremely pleased with you.
You visited 9 branches of the dungeon, and saw 41 of its levels.
You visited 1 bazaar.
You also visited: Ice Cave.

You collected 5337 gold pieces.
You spent 3320 gold pieces at shops.

Inventory:

Hand Weapons
 j - the +12 battleaxe of Trog's Righteous Anger {flame, rElec rPois Will+}
   (Trog gifted it to you on level 3 of the Depths)

   rElec:     It insulates you from electricity.
   rPois:     It protects you from poison.
   Will:      It increases your willpower.
 m - the +2 battleaxe of Inference (weapon) {vamp, rN+ Int+5 Dex+3}
   (You bought it in a shop on level 2 of the Orcish Mines)

   Int:       It affects your intelligence (+5).
   Dex:       It affects your dexterity (+3).
   rN:        It protects you from negative energy.
 L - a +4 scimitar of flaming
 M - the +7 great mace "Firestarter" {flame, immolate, rFlCloud rF++}
   (You bought it in a shop on level 9 of the Dungeon)

   rFlCloud:  It grants immunity to clouds of flame.
   rF:        It greatly protects you from fire.
Missiles
 d - 45 poisoned darts (quivered)
 n - 11 silver javelins
 S - 6 throwing nets
Armour
 g - a scarf of resistance (worn)
 t - a +4 plate armour of cold resistance
 w - a +2 hat of willpower (worn)
 x - a +2 pair of gloves of strength (worn)
 H - the +1 pair of boots "Fizot" (worn) {Str+4 Int-5}
   (You bought it in a shop on level 9 of the Dungeon)

   Str:       It affects your strength (+4).
   Int:       It affects your intelligence (-5).
 U - the +8 plate armour "Wyosa" (worn) {Will+}
   (You took it off a vault guard on level 5 of the Vaults)

   Will:      It increases your willpower.
Jewellery
 a - a +6 ring of strength (right hand)
 e - a ring of see invisible (left hand)
 o - the ring of Sixif {rC+ MP-9 Dex+4}
   (You found it on level 5 of the Vaults)

   [ring of protection from cold]

   Dex:       It affects your dexterity (+4).
   rC:        It protects you from cold.
   MP:        It affects your magic capacity (-9).
 D - an amulet of regeneration (around neck)
 E - the amulet of the Visionary {Reflect *Slow Fly rElec Regen+ SH+5}
   (You found it on level 2 of the Depths)

   [amulet of reflection]

   It reflects blocked missile attacks.
   rElec:     It insulates you from electricity.
   Fly:       It grants you flight.
   Regen:     It increases your rate of health regeneration.
   *Slow:     It may slow you when you take damage.
   SH:        It affects your SH (+5).
 I - a ring of poison resistance
 P - a ring of flight
 W - a ring of protection from cold
Wands
 p - a wand of flame (48)
 u - a wand of digging (18)
 y - a wand of roots (62)
 B - a wand of quicksilver (26)
 C - a wand of paralysis (30)
 G - a wand of mindburst (26)
 O - a wand of polymorph (32)
Scrolls
 c - a scroll of blinking
 f - 8 scrolls of magic mapping
 l - 10 scrolls of poison
 s - 2 scrolls of enchant weapon
 v - 6 scrolls of teleportation
 A - 4 scrolls of fog
 N - 4 scrolls of fear
 Q - 2 scrolls of silence
 R - 8 scrolls of brand weapon
Potions
 b - 11 potions of flight
 h - a potion of might
 i - 6 potions of haste
 k - 5 potions of ambrosia
 q - 26 potions of curing
 r - 9 potions of mutation
 z - 2 potions of berserk rage
 F - 5 potions of cancellation
 T - 8 potions of invisibility
 V - 10 potions of lignification
 Y - 3 potions of resistance
 Z - 4 potions of magic


   Skills:
 O Level 27 Fighting
 - Level 18.3(20.0) Axes
 - Level 13.6(17.7) Maces & Flails
 O Level 27 Armour
 * Level 26.2 Dodging
 - Level 5.3 Shields
 - Level 4.7 Evocations


You had 22 spell levels left.
You didn't know any spells.
Your spell library was empty.

Dungeon Overview and Level Annotations

Branches:
Dungeon (15/15)            Temple (0/1) D:5            Lair (5/5) D:11
 Shoals (4/4) Lair:2        Snake (4/4) Lair:2        Slime (0/5) Lair:5
    Orc (2/2) D:12            Elf (1/3) Orc:2        Vaults (5/5) D:14
  Crypt (0/3) Vaults:3     Depths (4/4) D:15            Zot (1/5) Depths:4
  IceCv (visited)

Altars:
Ashenzari
Cheibriados
Elyvilon
Fedhas
Gozag
Hepliaklqana
Makhleb
Nemelex Xobeh
Okawaru
Qazlal
Ru
Trog
Vehumet
Wu Jian
Xom
Yredelemnul
Zin
The Shining One
Lugonu

Shops:
D:5 *   D:8 !   D:9 *(:!   D:11 [   D:13 !:([   D:14 ((*   Orc:2 (:*[
Snake:3 =:=   Vaults:2 (   Vaults:4 *?(   Depths:1 *:

Portals:
Hell: Depths:1 Depths:2 Depths:3 Depths:4
Abyss: Depths:1 Depths:2 Depths:3 Depths:4
Pandemonium: Depths:2
Ziggurat: Depths:2

Annotations:
D:10 2 exclusions
D:13 3 runed translucent doors, Lernaean hydra
Elf:1 Zenata
Depths:3 6 runed translucent doors
Depths:4 1 runed translucent door, Osasch's ghost, adept MiFi


Innate Abilities, Weirdness & Mutations

You have a pair of horns on your head.
You reflexively headbutt those who attack you in melee.


Message History

You are more poisoned.
The +0 heavy hand axe hits you.
You see here a +0 long sword.
The +8 battleaxe of venom attacks as you move away!
The +8 battleaxe of venom hits you but does no damage.
You are more poisoned.
* * * LOW HITPOINT WARNING * * *
You feel extremely sick.
The deep elf zephyrmancer casts a spell at you.
The bolt of lightning hits the +1 trident of venom.
The +1 trident of venom completely resists.
The bolt of lightning hits the +0 heavy hand axe.
The +0 heavy hand axe completely resists.
The bolt of lightning hits you.
* * * LOW HITPOINT WARNING * * *
The +6 glaive of venom hits you from afar.
* * * LOW HITPOINT WARNING * * *
You are more poisoned.
Things that are here:
a +0 short sword; an elf corpse The +0 heavy hand axe attacks as you move away!
The +0 heavy hand axe hits you but does no damage.
* * * LOW HITPOINT WARNING * * *
You feel extremely sick.
The +0 heavy hand axe closely misses you.
The +8 battleaxe of venom hits you.
* * * LOW HITPOINT WARNING * * *
You are lethally poisoned!
The +6 glaive of venom misses you.
The +1 glaive of venom hits you but does no damage.
You are more poisoned.
You feel better.
The +0 heavy hand axe hits you but does no damage.
The +8 battleaxe of venom hits you!!
* * * LOW HITPOINT WARNING * * *
You are poisoned.
The +6 glaive of venom hits you from afar!!
* * * LOW HITPOINT WARNING * * *
The +1 glaive of venom hits you from afar!!
You die...

##########
#........#
#.⌠......#
#..ee....#
#.()##oe##.
#a((#eo..#.
#((.#....#.
#.@.#....#.
#...#.e..#.
#.).#!...#.
#...##.e##.
#...# .....
#.<.# .....
#...# ....
##### ###


You could see Zenata, an orc high priest, a deep elf knight (invisible), 2 deep
elf pyromancers, 3 deep elf zephyrmancers, an orc sorcerer and 5 dancing
weapons.

Vanquished Creatures
  A dread lich (Depths:4)
  3 ancient liches (Vaults:5)
  2 juggernauts (Depths:2)
  4 Killer Klowns
  Vashnia (Snake:3)
  Saint Roka (Vaults:2)
  6 golden dragons
  A walking crystal tome (Depths:2)
  4 tentacled monstrosities
  A walking earthen tome (Depths:3)
  Jorgrun (Orc:1)
  A walking frostbound tome (Depths:2)
  2 quicksilver dragons
  A walking divine tome (Depths:2)
  3 titans
  8 liches
  A kraken (Shoals:1)
  Frances (Shoals:2)
  2 sphinxes
  A shadow dragon (shapeshifter) (Vaults:5)
  A death cob (Zot:1)
  2 storm dragons (Vaults:5)
  11 tengu reavers
  Roxanne (Shoals:1)
  7 shadow dragons
  A draconian monk (Zot:1)
  Donald (Shoals:4)
  11 fire giants
  3 nagarajas
  5 iron dragons
  20 vault wardens
  Ilsuiw (Shoals:2)
  5 spectral caustic shrikes (Depths:2)
  9 frost giants
  2 draconian knights
  A balrug (Depths:1)
  A deep elf sorcerer (Vaults:5)
  A draconian scorcher (Zot:1)
  An orc warlord (Vaults:4)
  26 very ugly things
  A draconian stormcaller (Zot:1)
  17 stone giants
  A spriggan defender (Depths:2)
  3 war gargoyles
  23 ironbound preservers
  5 ironbound thunderhulks
  A reaper (IceCv)
  A green draconian (Depths:4)
  3 vampire knights
  2 deep elf demonologists (Vaults:5)
  A deep elf annihilator (Vaults:5)
  3 yellow draconians
  A dire elephant (D:15)
  5 red draconians
  A white draconian (Zot:1)
  A purple draconian (Depths:4)
  2 black draconians
  7 spark wasps
  A deep elf death mage (Vaults:3)
  8 merfolk javelineers
  12 ettins
  4 crystal guardians
  9 fire dragons
  5 great orbs of eyes
  Josephine (D:15)
  2 deep elf high priests
  4 jiangshi
  A hell beast (Depths:2)
  5 merfolk impalers
  9 salamander tyrants
  7 ice dragons
  2 entropy weavers (Vaults:3)
  40 vault guards
  8 hydras
  4 rakshasas
  A great orb of eyes (shapeshifter) (Depths:1)
  4 peacekeepers
  An ogre mage (D:15)
  16 yaktaur captains
  2 alligator snapping turtles
  A hydra (shapeshifter) (Vaults:5)
  8 centaur warriors
  4 spriggan air magi
  Erica (D:10)
  A catoblepas (Lair:5)
  15 ironbound frosthearts
  7 anacondas
  5 merfolk avatars
  7 merfolk aquamancers
  A death knight (D:14)
  6 boulder beetles
  A dancing weapon (Elf:1)
  4 satyrs
  5 deep troll earth magi
  10 deep troll shamans
  9 two-headed ogres
  12 naga warriors
  16 naga sharpshooters
  7 tengu warriors
  3 spriggan berserkers
  3 vampire magi
  An orc high priest (Elf:1)
  Urug (D:13)
  8 shock serpents
  2 spriggans (Depths:4)
  3 sun demons
  4 skysharks
  2 soul eaters (D:14)
  3 large abominations (Depths:3)
  5 iron trolls
  Nergalle (Lair:2)
  A titan skeleton (Vaults:4)
  11 salamander mystics
  3 glowing orange brains
  5 skeletal warriors (D:14)
  A spark wasp zombie (Depths:2)
  68 deep trolls
  12 sea snakes
  A flayed ghost (Depths:4)
  10 wizards
  A shadow dragon zombie (Depths:2)
  A sphinx zombie (Depths:2)
  3 naga ritualists
  A swamp dragon (Lair:5)
  3 necromancers
  11 orc knights
  14 lindwurms
  3 phantasmal warriors (Vaults:3)
  A steelbarb worm (shapeshifter) (Vaults:2)
  A deep elf zephyrmancer (Elf:1)
  21 ironbound convokers
  A shadow dragon skeleton (Depths:2)
  5 orc sorcerers
  A wolf spider (D:15)
  9 harpies
  41 ugly things
  3 deep elf pyromancers (Elf:1)
  19 manticores
  13 mana vipers
  31 salamanders
  22 cyclopes
  15 fauns
  18 vault sentinels
  A moth of wrath (Zot:1)
  2 ice statues (IceCv)
  14 merfolk sirens
  4 guardian serpents (Snake:4)
  A human skeleton (Vaults:4)
  17 naga magi
  A rust devil (D:14)
  3 elephants (Lair:5)
  34 black mambas
  4 water nymphs
  Maggie (Lair:1)
  An orange demon (D:14)
  A gargoyle (D:13)
  12 cane toads
  4 smoke demons
  7 rime drakes
  5 komodo dragons
  2 efreet (D:14)
  3 freezing wraiths
  A human zombie (Vaults:4)
  An anaconda simulacrum (IceCv)
  4 unseen horrors
  48 yaktaurs
  6 tengu conjurers
  9 ice devils
  10 trolls
  5 red devils
  9 polar bears (Lair:5)
  2 hellwings
  19 merfolk
  3 wind drakes
  4 hornets
  29 blink frogs
  3 raiju (Lair:5)
  Prince Ribbit (Lair:1)
  7 dream sheep
  A dream sheep (shapeshifter) (Vaults:5)
  Sigmund (D:3)
  A fire giant simulacrum (Depths:2)
  10 snapping turtles
  25 slime creatures
  A vampire (D:13)
  3 shadows (D:11)
  16 water elementals
  8 wraiths
  49 yaks
  2 ynoxinuls (D:14)
  A human (shapeshifter) (D:15)
  6 basilisks
  2 fire bats (Depths:3)
  A redback simulacrum (D:15)
  5 steam dragons
  6 vampire mosquitoes
  2 harpy simulacra (IceCv)
  2 neqoxecs (D:14)
  3 death yak simulacra (IceCv)
  3 chaos spawn
  24 nagas
  23 wargs
  2 acid dragons
  13 water moccasins
  12 hell hounds (Lair:5)
  A floating eye (Depths:2)
  2 swamp drakes (Lair:5)
  A meliai simulacrum (D:15)
  42 orc warriors
  8 small abominations (Depths:3)
  14 black bears
  13 ogres
  2 boggarts (Vaults:3)
  20 wolves
  9 centaurs
  A phantom (D:6)
  14 bullfrogs
  2 kobold brigands
  2 gnoll sergeants
  2 two-headed ogre simulacra (IceCv)
  2 scorpions
  An ogre simulacrum (Vaults:4)
  2 cane toad simulacra (Lair:3)
  5 wights (D:10)
  An elephant simulacrum (Lair:3)
  16 killer bees
  A howler monkey (D:6)
  2 electric eels
  3 jellies
  15 orc priests
  7 iguanas
  20 orc wizards
  2 polar bear simulacra (IceCv)
  3 spriggan simulacra (IceCv)
  A troll simulacrum (IceCv)
  15 gnolls
  5 adders
  2 naga simulacra (IceCv)
  A shadow imp (D:8)
  3 white imps
  5 ufetubi (IceCv)
  2 worms (D:2)
  3 dart slugs
  80 orcs
  10 endoplasms
  3 giant cockroaches
  4 goblins
  7 hobgoblins
  13 jackals
  3 quokkas
  6 ball pythons
  5 bats
  A frilled lizard (D:3)
  13 kobolds
  4 rats
  2 tentacles (Shoals:1)
1786 creatures vanquished.

Vanquished Creatures (collateral kills)
  Mara (Shoals:3)
  Mlioglotl (Shoals:4)
  A naga warrior (Snake:2)
  A naga sharpshooter (Snake:4)
  A mana viper (Snake:2)
  A merfolk siren (Shoals:4)
  A naga mage (Snake:2)
  A merfolk (Shoals:4)
8 creatures vanquished.

Vanquished Creatures (others)
  A dread lich (Vaults:5)
  A wizard (Vaults:2)
  A water nymph (Shoals:4)
  A vault sentinel (Vaults:3)
  Maurice (Orc:1)
  2 merfolk (Shoals:2)
  A snapping turtle (Shoals:4)
  A water elemental (Shoals:2)
  A boggart (Vaults:3)
  An orc wizard (Vaults:2)
  3 tentacles (Shoals:1)
14 creatures vanquished.

Grand Total: 1808 creatures vanquished

Notes
Turn   | Place    | Note
-------+----------+-------------------------------------------
     0 | D:1      | ozzols the Minotaur Berserker began the quest for the Orb.
     0 | D:1      | Reached XP level 1. HP: 19/19 MP: 0/0
    91 | D:1      | Reached XP level 2. HP: 20/26 MP: 1/1
   536 | D:1      | Reached skill level 5 in Axes
   881 | D:1      | Reached XP level 3. HP: 31/31 MP: 2/2
  1095 | D:2      | Reached ** piety under Trog
  1898 | D:3      | Noticed Sigmund
  1902 | D:3      | Reached XP level 4. HP: 39/39 MP: 3/3
  1916 | D:3      | Killed Sigmund
  1917 | D:3      | Reached XP level 5. HP: 26/45 MP: 4/4
  2014 | D:3      | Reached XP level 6. HP: 35/51 MP: 5/5
  2125 | D:3      | Found a bloodstained altar of Trog.
  2840 | D:4      | Found a broken altar of Ashenzari.
  2901 | D:4      | Found an opulent altar of Gozag.
  3104 | D:5      | Entered Level 5 of the Dungeon
  3223 | D:5      | Found a burning altar of Makhleb.
  3272 | D:5      | Found Odeisu's Overcharged Wands.
  3410 | D:5      | Found a basalt altar of Yredelemnul.
  3480 | D:5      | Found a blossoming altar of Fedhas.
  3497 | D:5      | Found a staircase to the Ecumenical Temple.
  3750 | D:5      | Reached skill level 5 in Fighting
  3750 | D:5      | Reached XP level 7. HP: 58/61 MP: 6/6
  4515 | D:6      | Found an iron altar of Okawaru.
  4706 | D:6      | Found a glowing golden altar of the Shining One.
  4747 | D:6      | Reached *** piety under Trog
  4748 | D:6      | Reached XP level 8. HP: 69/71 MP: 7/7
  4754 | D:6      | Found a snail-covered altar of Cheibriados.
  4899 | D:7      | Noticed a hornet
  4907 | D:7      | Paralysed by a hornet for 1 turns
  4912 | D:7      | Killed a hornet
  4913 | D:7      | Reached skill level 10 in Axes
  4913 | D:7      | Reached skill level 5 in Armour
  5340 | D:7      | Found a sparkling altar of Nemelex Xobeh.
  5479 | D:8      | Reached XP level 9. HP: 62/81 MP: 8/8
  5655 | D:8      | Found a glowing silver altar of Zin.
  5682 | D:8      | Found an ornate altar of the Wu Jian Council.
  5719 | D:8      | Found a stormy altar of Qazlal.
  5870 | D:8      | Found Gaoluseb's Distillery.
  6307 | D:9      | Found Puasihyd's Assorted Antiques.
  6310 | D:9      | Bought a pair of ancient boots for 275 gold pieces
  6310 | D:9      | Identified the +1 pair of boots "Fizot" {Str+4 Int-5} (You
                  | bought it in a shop on level 9 of the Dungeon)
  6315 | D:9      | Lost intelligence.
  6459 | D:9      | Found Hyilaw's Book Emporium.
  6487 | D:9      | Reached **** piety under Trog
  6529 | D:9      | Reached skill level 10 in Fighting
  6531 | D:9      | Reached XP level 10. HP: 72/93 MP: 9/9
  6572 | D:9      | Found Qeosmyn's Distillery.
  6646 | D:9      | Found Cucryrph's Antique Weapon Shoppe.
  6763 | D:9      | Bought a runed broad axe for 161 gold pieces
  6927 | D:9      | Found a sacrificial altar of Ru.
  7216 | D:10     | Entered Level 10 of the Dungeon
  7622 | D:11     | Found a staircase to the Lair.
  7628 | D:11     | Found Tobevahuar's Armour Emporium.
  7728 | D:11     | Reached skill level 10 in Armour
  7814 | D:11     | Noticed a cyclops
  7815 | D:11     | Noticed an ettin
  7824 | D:11     | Noticed a cyclops
  7833 | D:11     | Killed a cyclops
  7863 | D:11     | Noticed a cyclops
  7876 | D:11     | Killed a cyclops
  7877 | D:11     | Reached XP level 11. HP: 42/104 MP: 10/10
  7983 | D:11     | Killed an ettin
  8342 | D:10     | Found a shimmering altar of Xom.
  8430 | D:10     | Noticed Erica
  8447 | D:10     | Killed Erica
  8462 | D:10     | Found a white marble altar of Elyvilon.
  8642 | D:10     | Noticed a deep elf pyromancer
  8642 | D:10     | Noticed a fire crab
  8642 | D:10     | Noticed a deep elf pyromancer
  8655 | D:10     | Reached skill level 15 in Axes
  8678 | D:10     | Noticed a green ugly thing
  8679 | D:10     | Noticed an ogre mage
  8679 | D:10     | Noticed a centaur warrior
  8679 | D:10     | Noticed an orb spider
  8689 | D:10     | Noticed a skeletal warrior
  9415 | D:11     | Noticed a wizard
  9424 | D:11     | Killed a wizard
  9487 | D:11     | Noticed a two-headed ogre
  9497 | D:11     | Killed a two-headed ogre
  9498 | D:11     | Reached XP level 12. HP: 81/115 MP: 11/11
  9502 | D:11     | Noticed a stone giant
  9516 | D:11     | Killed a stone giant
  9543 | D:11     | Identified the +5 hand axe "Gowaloni" {elec, rPois rC+
                  | Str-2}
  9549 | D:11     | Identified the +9 quarterstaff of the Equator {protect,
                  | Str+4}
  9550 | D:11     | Identified the +6 rapier of World Downfall {drain, rElec
                  | rC+ Str+3 Int-4 Dex+5}
  9639 | D:11     | Noticed a two-headed ogre
  9658 | D:11     | Killed a two-headed ogre
 10107 | D:12     | Found a staircase to the Orcish Mines.
 10137 | D:12     | Noticed a two-headed ogre
 10144 | D:12     | Killed a two-headed ogre
 10385 | D:12     | Noticed a two-headed ogre
 10396 | D:12     | Killed a two-headed ogre
 10406 | D:12     | Found a radiant altar of Vehumet.
 10574 | D:12     | Noticed a boulder beetle
 10581 | D:13     | Noticed a boulder beetle
 10584 | D:13     | Reached skill level 5 in Dodging
 10592 | D:13     | Killed a boulder beetle
 10751 | D:12     | Killed a boulder beetle
 11276 | Lair:1   | Entered Level 1 of the Lair of Beasts
 11500 | Lair:1   | Noticed Prince Ribbit
 11501 | Lair:1   | Noticed Maggie
 11511 | Lair:1   | Killed Maggie
 11517 | Lair:1   | Killed Prince Ribbit
 11676 | Lair:1   | Reached XP level 13. HP: 116/125 MP: 12/12
 11770 | Lair:1   | Reached skill level 15 in Fighting
 11859 | Lair:1   | Identified the +3 leather armour of Heresy {rC+}
 12198 | Lair:2   | Found a staircase to the Snake Pit.
 12241 | Lair:2   | Found a staircase to the Shoals.
 12627 | Lair:2   | Noticed Nergalle
 12634 | Lair:2   | Killed Nergalle
 12914 | Lair:3   | Reached ***** piety under Trog
 12940 | Lair:3   | Reached skill level 15 in Armour
 13079 | Lair:3   | Found a frozen archway.
 13098 | IceCv    | Entered an ice cave
 13666 | IceCv    | Received a gift from Trog
 13667 | IceCv    | Reached skill level 1 in Shields
 13811 | IceCv    | Noticed a reaper
 13829 | IceCv    | Killed a reaper
 14862 | Lair:4   | Reached skill level 5 in Shields
 14871 | Lair:4   | Reached XP level 14. HP: 137/137 MP: 13/13
 15132 | Lair:5   | Entered Level 5 of the Lair of Beasts
 15149 | Lair:5   | Reached skill level 1 in Evocations
 16275 | Lair:5   | Identified the +6 battleaxe of the Apocalypse {antimagic,
                  | Drain rF- rCorr Dex+7} (Trog gifted it to you on level 5 of
                  | the Lair of Beasts)
 16275 | Lair:5   | Received a gift from Trog
 16888 | Lair:5   | Found a staircase to the Slime Pits.
 17793 | Orc:1    | Entered Level 1 of the Orcish Mines
 17793 | Orc:1    | Noticed Jorgrun
 17817 | Orc:1    | Killed Jorgrun
 17950 | Orc:2    | Entered Level 2 of the Orcish Mines
 18019 | Orc:2    | Found a staircase to the Elven Halls.
 18130 | Orc:1    | Noticed Maurice
 18162 | Orc:1    | Killed Maurice
 18377 | Orc:2    | Received a gift from Trog
 18698 | Orc:2    | Found Yfikeot's Antique Weapon Emporium.
 18698 | Orc:2    | Found Urche Cem's Book Shop.
 18702 | Orc:2    | Bought a crystal battleaxe for 379 gold pieces
 18702 | Orc:2    | Identified the +2 battleaxe of Inference {vamp, rN+ Int+5
                  | Dex+3} (You bought it in a shop on level 2 of the Orcish
                  | Mines)
 18771 | Orc:2    | Reached XP level 15. HP: 76/149 MP: 14/14
 19409 | Orc:2    | Found Baed's General Store.
 19409 | Orc:2    | Found Poohewk's Armour Shop.
 19435 | Orc:2    | Bought a +1 pair of boots for 207 gold pieces
 19946 | D:13     | Found Hanteowko's Distillery.
 20001 | D:13     | Received a gift from Trog
 20030 | D:13     | Noticed Urug
 20047 | D:13     | Killed Urug
 20266 | D:13     | Found Jeyxt's Weapon Boutique.
 20309 | D:13     | Found a runed translucent door.
 20310 | D:13     | Noticed the 27-headed Lernaean hydra
 20311 | D:13     | Found a runed translucent door.
 20323 | D:13     | Identified a scroll of acquirement
 20335 | D:13     | Found Otrak's Book Boutique.
 20390 | D:13     | Found Eschesk's Antique Armour Shop.
 20557 | D:13     | Found a runed translucent door.
 20780 | D:13     | Acquired a manual of Fighting
 21009 | D:14     | Reached skill level 10 in Dodging
 21021 | D:14     | Found Ficeosya's Weapon Shop.
 21551 | D:14     | Found a gate to the Vaults.
 22295 | D:14     | Found Suaquw's General Store.
 22297 | D:14     | Lost intelligence.
 22599 | D:14     | Found Vivvosm's Antique Weapon Boutique.
 22847 | D:15     | Entered Level 15 of the Dungeon
 22857 | D:15     | Noticed Josephine
 22865 | D:15     | Killed Josephine
 23028 | D:15     | Identified the +4 battleaxe "Vewnoteh" {heavy, Fly rPois
                  | rC+ Str-5} (Trog gifted it to you on level 15 of the
                  | Dungeon)
 23028 | D:15     | Received a gift from Trog
 23189 | D:15     | Found a staircase to the Depths.
 23985 | D:15     | Reached XP level 16. HP: 167/167 MP: 15/15
 24386 | Snake:1  | Entered Level 1 of the Snake Pit
 28933 | Snake:3  | Found Otulol's Jewellery Emporium.
 28933 | Snake:3  | Found Fionit's Book Shop.
 28934 | Snake:3  | Found Borpheeb's Jewellery Emporium.
 29367 | D:9      | Bought the +7 great mace "Firestarter" {flame, immolate,
                  | rFlCloud rF++} for 1637 gold pieces
 29367 | D:9      | Found the +7 great mace "Firestarter" {flame, immolate,
                  | rFlCloud rF++}
 29541 | Snake:4  | Entered Level 4 of the Snake Pit
 29570 | Snake:4  | Reached skill level 1 in Maces & Flails
 29578 | Snake:4  | Received a gift from Trog
 29686 | Snake:4  | Reached XP level 17. HP: 129/181 MP: 16/16
 29888 | Snake:4  | Reached skill level 5 in Maces & Flails
 30622 | Snake:4  | Noticed Vashnia
 31152 | Snake:3  | Killed Vashnia
 31925 | Snake:4  | Reached skill level 10 in Maces & Flails
 32120 | Snake:4  | Received a gift from Trog
 32517 | Snake:4  | Reached ****** piety under Trog
 32627 | Snake:4  | Got a serpentine rune of Zot
 32927 | Shoals:1 | Entered Level 1 of the Shoals
 33242 | Shoals:1 | Noticed a kraken
 33249 | Shoals:1 | Killed a kraken
 33335 | Shoals:1 | Noticed Roxanne
 33401 | Shoals:1 | Killed Roxanne
 33577 | Shoals:1 | Reached XP level 18. HP: 112/191 MP: 17/17
 33986 | Shoals:2 | Received a gift from Trog
 34024 | Shoals:2 | Noticed Frances
 34050 | Shoals:2 | Killed Frances
 34444 | Shoals:2 | Noticed Ilsuiw
 34513 | Shoals:2 | Killed Ilsuiw
 35257 | Shoals:3 | Noticed Mara
 35270 | Shoals:3 | Killed Mara
 36132 | Shoals:3 | Received a gift from Trog
 36201 | Shoals:4 | Entered Level 4 of the Shoals
 36201 | Shoals:4 | Noticed Donald
 36213 | Shoals:4 | Killed Donald
 36287 | Shoals:4 | HP: 7/194 [faun/sling bullet[a satyr] (3)]
 36759 | Shoals:4 | Got a barnacled rune of Zot
 36854 | Shoals:4 | Identified the ring "Athrick" {Int+2 Dex+6}
 36989 | Shoals:4 | Noticed Mlioglotl
 37290 | Shoals:4 | Noticed a bone dragon
 37293 | Shoals:4 | Killed Mlioglotl
 37919 | Vaults:1 | Entered Level 1 of the Vaults
 38394 | Vaults:1 | Reached XP level 19. HP: 187/204 MP: 18/18
 38935 | Vaults:1 | Received a gift from Trog
 40088 | Vaults:2 | Received a gift from Trog
 40309 | Vaults:2 | Noticed Saint Roka
 40329 | Vaults:2 | Killed Saint Roka
 40636 | Vaults:2 | Found Zeggoj's Weapon Shoppe.
 40771 | Vaults:2 | Reached skill level 27 in Fighting
 41660 | Vaults:3 | Received a gift from Trog
 41663 | Vaults:3 | Paralysed by a sphinx for 4 turns
 42093 | Vaults:3 | Reached XP level 20. HP: 152/216 MP: 19/19
 42427 | Vaults:3 | Paralysed by a sphinx for 3 turns
 42430 | Vaults:3 | Found a flickering gateway to a bazaar.
 42439 | Bazaar   | Entered a bazaar
 42440 | Bazaar   | Found Hezxubaa's Antique Weapon Emporium.
 42440 | Bazaar   | Found Waemoeca's General Store.
 42441 | Bazaar   | Found Ipoafahe's Antique Armour Shop.
 42478 | Bazaar   | Found Kucer's Assorted Antiques.
 42486 | Bazaar   | Bought a scroll of teleportation for 66 gold pieces
 42486 | Bazaar   | Bought 2 potions of curing for 132 gold pieces
 42876 | Vaults:3 | Found a staircase to the Crypt.
 43686 | Vaults:3 | Received a gift from Trog
 44179 | Vaults:4 | Reached skill level 27 in Armour
 44361 | Vaults:4 | Found Zeegheock's Weapon Shoppe.
 44668 | Vaults:4 | Received a gift from Trog
 45093 | Vaults:4 | Found Zareo's Magic Scroll Shop.
 45101 | Vaults:4 | Bought a scroll of teleportation for 69 gold pieces
 45101 | Vaults:4 | Bought a scroll of teleportation for 69 gold pieces
 45144 | Vaults:4 | Found Noneaxte's Assorted Antiques.
 46575 | Depths:1 | Entered Level 1 of the Depths
 46584 | Depths:1 | Received a gift from Trog
 46596 | Depths:1 | Reached XP level 21. HP: 171/224 MP: 20/20
 46760 | Depths:1 | Found a gateway to Hell.
 47056 | Depths:1 | Identified the +2 hat of a Billion Nightmares {Harm rPois}
 47065 | Depths:1 | Found a radiant altar of Vehumet.
 47141 | Depths:1 | Identified the +1 robe "Umou" {+Inv rN+ Int-4}
 47312 | Depths:1 | Found Inibawulu's Book Shop.
 47316 | Depths:1 | Found Anexab's General Store.
 47330 | Depths:1 | Found a corrupted altar of Lugonu.
 47330 | Depths:1 | Found a one-way gate to the infinite horrors of the Abyss.
 47569 | Depths:1 | Found a hazy altar of Hepliaklqana.
 47941 | Depths:2 | Reached skill level 15 in Dodging
 48082 | Depths:2 | Received a gift from Trog
 48232 | Depths:2 | Noticed a juggernaut
 48248 | Depths:2 | Killed a juggernaut
 48254 | Depths:2 | Found a one-way gateway to a ziggurat.
 48256 | Depths:2 | Identified the amulet of the Visionary {Reflect *Slow Fly
                  | rElec Regen+ SH+5}
 48333 | Depths:2 | Noticed a golden dragon
 48334 | Depths:2 | Noticed a juggernaut
 48375 | Depths:1 | HP: 11/336 [fire giant/+2 great sword of flaming (6)]
 48381 | Depths:1 | Killed a golden dragon
 49594 | Depths:2 | Paralysed by a floating eye for 4 turns
 49918 | Depths:2 | Noticed a golden dragon
 50164 | Depths:2 | Killed a golden dragon
 50262 | Depths:2 | Killed a juggernaut
 50292 | Depths:2 | Noticed a golden dragon
 50314 | Depths:2 | Killed a golden dragon
 50615 | Depths:2 | Received a gift from Trog
 50840 | Depths:2 | Found a one-way gate leading to the halls of Pandemonium.
 51176 | Depths:2 | Reached XP level 22. HP: 192/233 MP: 21/21
 51684 | Depths:3 | Found an ornate altar of the Wu Jian Council.
 51735 | Depths:3 | Identified the +12 battleaxe of Trog's Righteous Anger
                  | {flame, rElec rPois Will+} (Trog gifted it to you on level
                  | 3 of the Depths)
 51735 | Depths:3 | Received a gift from Trog
 52013 | Depths:3 | Noticed a caustic shrike
 52013 | Depths:3 | Noticed a caustic shrike
 52013 | Depths:3 | Noticed a caustic shrike
 52014 | Depths:3 | Noticed a caustic shrike
 52015 | Depths:3 | Noticed a golden dragon
 52153 | Depths:3 | Found a runed translucent gate.
 52153 | Depths:3 | Found a runed translucent gate.
 52153 | Depths:3 | Found a runed translucent gate.
 52417 | Depths:3 | Found a runed translucent gate.
 52417 | Depths:3 | Found a runed translucent gate.
 52417 | Depths:3 | Found a runed translucent gate.
 52796 | Depths:4 | Entered Level 4 of the Depths
 52885 | Depths:4 | Found a runed translucent door.
 52885 | Depths:4 | Found a shimmering altar of Xom.
 52885 | Depths:4 | Noticed Osasch's ghost (adept MiFi)
 52885 | Depths:4 | Identified the +10 war axe of Revolt {chaos, Stlth+}
 53130 | Depths:4 | Received a gift from Trog
 53154 | Depths:4 | Found a gate to the Realm of Zot.
 53954 | Vaults:5 | Entered Level 5 of the Vaults
 53969 | Vaults:5 | Noticed an ancient lich
 53975 | Vaults:5 | Killed an ancient lich
 54000 | Vaults:5 | Noticed a golden dragon
 54007 | Vaults:5 | Got a silver rune of Zot
 54010 | Vaults:5 | Killed a golden dragon
 54101 | Vaults:5 | Noticed a dread lich
 54110 | Vaults:5 | Killed a dread lich
 54111 | Vaults:5 | Reached XP level 23. HP: 240/240 MP: 22/22
 54156 | Vaults:5 | Received a gift from Trog
 54166 | Vaults:5 | a golden dragon changed into a caustic shrike
 54166 | Vaults:5 | Noticed a caustic shrike (glowing shapeshifter)
 54168 | Vaults:5 | a caustic shrike changed into an acid blob
 54254 | Vaults:5 | Identified the +1 great mace "Lifebane" {chaos, rC+ rN+}
 54411 | Vaults:5 | Noticed an ancient lich
 54429 | Vaults:5 | Killed an ancient lich
 54657 | Vaults:5 | Identified the +0 leather armour "Vicif" {rPois rN+ Will+
                  | Slay+3}
 54676 | Vaults:5 | Identified the +3 leather armour of the Komodo Dragon {rF++
                  | rCorr}
 54731 | Vaults:5 | Identified the +9 dagger of Conscience {freeze, rF+ SInv}
 54740 | Vaults:5 | Noticed an ancient lich
 54753 | Vaults:5 | Identified the +1 scale mail of Mumblety Peg {rElec rF- rC+
                  | rCorr}
 54983 | Vaults:5 | Killed an ancient lich
 54984 | Vaults:5 | Identified the +8 plate armour "Wyosa" {Will+}
 54986 | Vaults:5 | Received a gift from Trog
 55495 | Snake:3  | Bought a ring of protection from cold for 325 gold pieces
 55871 | Vaults:5 | Identified the +1 leather armour "Kifeac" {Int+3}
 56121 | Vaults:5 | Identified the +0 robe "Vyhutaf" {Str+2 Stlth+}
 56324 | Vaults:5 | Identified the +1 pair of gloves of Pride {Str+3}
 56565 | Vaults:5 | Identified the ring of Sixif {rC+ MP-9 Dex+4}
 56568 | Vaults:5 | Identified the +4 scale mail of the Elven Halls {Stlth+}
 56575 | Vaults:5 | Identified the staff of conjuration "Ubaudaig" {Str-2 Int+2
                  | Dex+7}
 56899 | Zot:1    | Entered Level 1 of the Realm of Zot
 56899 | Zot:1    | Noticed a Killer Klown
 56899 | Zot:1    | Noticed a Killer Klown
 56899 | Zot:1    | Noticed a dread lich
 56899 | Zot:1    | Noticed a Killer Klown
 56900 | Zot:1    | Noticed a Killer Klown
 56916 | Depths:4 | Killed a dread lich
 56936 | Depths:4 | Killed a Killer Klown
 57180 | Zot:1    | Killed a Killer Klown
 57193 | Zot:1    | Killed a Killer Klown
 57199 | Zot:1    | Killed a Killer Klown
 57847 | Elf:1    | Entered Level 1 of the Elven Halls
 57853 | Elf:1    | Noticed Zenata
 57882 | Elf:1    | Mangled by a +1 glaive of venom

Illustrated notes

Levels and vault maps discovered:
D:1:      lightli_arrival_flooded_house, layout_basic,
          hangedman_decor_diamond_cutter, minmay_pentomino_z4
D:2:      layout_basic, minmay_gold_behind_fungi, kennysheep_generic_room_12
D:3:      layout_loops_ring, bloody_trog, uniq_sigmund
D:4:      layout_basic, ashenzari_conservatory_becter,
          nicolae_gozag_cash_rules_everything_around_me
D:5:      layout_basic, kennysheep_little_box, fedhas_ov_isle_minmay,
          amcnicky_altar_gilded, temple_pool_b, chequers_garden,
          nicolae_shop_overcharged_wands
D:6:      layout_loops_ring, general_overflow_altar,
          mainiacjoe_overflow_two_lobes, serial_park_tiny_pond
D:7:      layout_rooms, nemelex_spade_bored_becter, chequers_jeans
D:8:      layout_loops_ring, kennysheep_mini_moat, lemuel_tele_altar,
          overflow_temple_1_default, serial_shops, shop,
          kennysheep_generic_room_11
D:9:      layout_loops_corners, lemuel_doored_altar, serial_shops, shop,
          nicolae_shop_pleasant_corner_grove, nicolae_shop_peninsula,
          nicolae_shop_window_shopping
D:10:     layout_basic, mainiacjoe_overflow_boulevard, old_standard_altar,
          grunt_decor_cap, minivault_10, minivault_12, uniq_erica
D:11:     giant_chief_lemuel, layout_basic, erik_lair_orcish_takeover,
          serial_shops, nicolae_shop_tiny_glass
D:12:     layout_roguey, orc_0_dummy, nicolae_vehumet_altar_sigil
D:13:     layout_basic, serial_shops, shop, shop, shop, kennysheep_mini,
          nicolae_hydra_factorization, uniq_urug
D:14:     layout_rooms, skrybe_vaults_entry_preservation, serial_demonic,
          serial_demonic_g, serial_demonic_a, serial_demonic_b,
          serial_demonic_b, serial_demonic_d, serial_demonic_b,
          serial_demonic_g, serial_demonic_g, serial_demonic_c,
          serial_demonic_e, kennysheep_pointless_box, serial_shops,
          nicolae_shop_rolling_square, nicolae_stop_n_shop_2, shop,
          hangedman_fish_farm
D:15:     hangedman_depths_entry_try_elsewhere_first, layout_basic,
          serial_curves, eino_curves_01, eino_curves_04, uniq_josephine
Lair:1:   layout_regular_city, ldierk_geyser, lemuel_fruit_tree,
          infiniplex_staircase_pool_2, grunt_megastairs_3, uniq_prince_ribbit2,
          uniq_maggie
Lair:2:   layout_big_grid, minmay_shoals_entry_centaurs,
          guppyfry_snake_entry_island, grunt_megastairs_1, uniq_nergalle
Lair:3:   layout_long_grid, portal_ice_cave_entry_ice_simulacra
Lair:4:   layout_long_grid
Lair:5:   hangedman_lair_caniforms_friends, layout_cave_pods,
          guppyfry_lair_end_dragon, slime_entry_1, grunt_forest_large_clearings
Shoals:1: layout_shoals, nicolae_shoals_kraken_intersection, uniq_roxanne
Shoals:2: layout_shoals, uniq_frances, uniq_ilsuiw
Shoals:3: layout_shoals, nicolae_shoals_water_booths, uniq_mara
Shoals:4: shoals_end_grunt_ice, layout_shoals, uniq_donald, uniq_mlioglotl
Snake:1:  layout_honeycomb, grunt_ministairs_2
Snake:2:  layout_honeycomb, nicolae_snake_snake_lake
Snake:3:  layout_misc_corridors, minmay_shop_grove, serial_bayou_shore_a
Snake:4:  snake_pit_salamanders_mu, layout_cave_town, uniq_vashnia
Orc:1:    layout_diamond_mine, uniq_jorgrun, uniq_maurice
Orc:2:    st_orc_town, layout_caves
Elf:1:    nicolae_elf_arrival_no_cutting_in_line, layout_geoelf_diagonals,
          minivault_28, uniq_agnes, uniq_zenata
Vaults:1: nicolae_vaults_house_3, vaults_room_pool, vaults_room_fancy_cross,
          vaults_standard_mumra_lines, nicolae_vaults_yaktaur_gun_rack,
          dpeg_vaults_monster_box, nicolae_vaults_hallways_thing,
          nicolae_vaults_specimen_jars, vaults_room_grunt_arrival_checkpoint,
          layout_vaults_omnigrid
Vaults:2: ontoclasm_vaults_twist, vaults_room_octagon, vaults_mumra_lcd,
          vaults_dpeg_ring, nicolae_vaults_shipping_containers_7,
          nicolae_vaults_rhombus_6, nicolae_vaults_little_squares_4, v_misc_9,
          v_misc_30, nicolae_vaults_house_2, nicolae_vaults_double_plus_2,
          layout_vaults_big_room, serial_shops, nicolae_shop_rolling_square,
          uniq_saint_roka
Vaults:3: nicolae_vaults_circle_grid_b, nicolae_vaults_octothorpe,
          nicolae_vaults_tangent_ellipses, minmay_crypt_entry_simple_walls,
          hangedman_vaults_river_flow, hangedman_vaults_variations,
          hangedman_vaults_slice, nicolae_vaults_house_1,
          nicolae_vaults_network_star, nicolae_vaults_sesquioval_fish,
          layout_vaults_big_cross, serial_shops, bzr_entry_gold
Vaults:4: nicolae_vaults_big_ls, v_pattern_4, v_alt_pattern_4, v_misc_28,
          v_alt_pattern_3, v_misc_2, ontoclasm_vaults_bender,
          nicolae_vaults_network_square, nicolae_vaults_double_plus_3,
          v_misc_23, nicolae_vaults_heart-shaped_vault,
          nicolae_vaults_big_angled_halls, nicolae_vaults_little_squares_6,
          nicolae_vaults_double_plus_1, nicolae_vaults_trapezoid_1,
          layout_vaults_omnibox, serial_shops,
          nicolae_shop_bloodbath_and_beyond,
          nicolae_shop_competitors_out_of_business, shop_fountains
Vaults:5: serial_shops
Depths:1: layout_forbidden_donut, nicolae_hepliaklqana_hippocampus,
          abyss_entry_flame_altar, lightli_too_deep,
          kennysheep_cross_bottleneck, grunt_tower_of_power, minmay_shoptagon
Depths:2: nicolae_fronds_of_death, layout_long_grid, enter_ziggurat_c,
          minmay_misc_feat_plants, grunt_pan_entry_in_and_out,
          pf_hell_entry_tar_river, abyss_entry
Depths:3: kennysheep_treasure_stockpile, layout_cave_shapes,
          nzn_wu_jian_contemplation, minmay_room_of_horrors, hell_entry
Depths:4: evilmike_zot_entry_basic, layout_honeycomb, abyss_entry,
          nicolae_twisting_strands, hell_entry, ebering_ghost_xom
Zot:1:    ebering_klown_carousel, layout_misc_corridors

Skill      XL: |  1  2  3  4  5  6  7  8  9 10 11 12 13 14 15 16 17 18 19 20 21 22 23 |
---------------+----------------------------------------------------------------------+-----
Axes           | 4 5 7 8 9 11 12 13 15 16 17 18 | 18.3
Fighting       | 5 6 8 10 11 13 14 16 18 21 23 24 25 27 | 27.0
Armour         | 4 6 8 10 12 14 16 18 20 22 25 27 | 27.0
Dodging        | 6 8 9 10 13 18 23 26 | 26.2
Shields        | 5 |  5.3
Evocations     | 4 |  4.7
Maces & Flails | 4 13 | 13.6

Action                     |  1- 3 |  4- 6 |  7- 9 | 10-12 | 13-15 | 16-18 | 19-21 | 22-24 || total
---------------------------+-------+-------+-------+-------+-------+-------+-------+-------++-------
  Melee: Hand axe          |    95 |    95 |   189 |   187 |  1101 |       |       |       ||  1667
         Headbutt          |    20 |     8 |    38 |   111 |   398 |   364 |   435 |   361 ||  1735
         Punch             |       |     1 |     2 |     8 |     5 |       |       |       ||    16
         Broad axe         |       |       |       |   240 |       |       |       |       ||   240
         Scimitar          |       |       |       |       |    65 |    67 |       |       ||   132
         Battleaxe         |       |       |       |       |   305 |  1297 |  1363 |  1038 ||  4003
         Great mace        |       |       |       |       |       |    56 |       |       ||    56
  Throw: Dart              |       |       |     2 |    28 |    70 |    15 |    13 |       ||   128
         Javelin           |       |       |       |       |     2 |       |       |       ||     2
 Invoke: Trog's Hand       |       |     3 |     2 |    16 |    17 |    20 |    20 |    17 ||    95
         Berserk           |       |       |       |     1 |       |       |     2 |       ||     3
         Brothers in Arms  |       |       |       |       |       |     4 |       |       ||     4
  Evoke: Wand              |       |       |       |     4 |     3 |     1 |       |     1 ||     9
    Use: Scroll            |       |    10 |     2 |     9 |    19 |     6 |    10 |     4 ||    60
         Potion            |       |       |       |     1 |     2 |     3 |     6 |     2 ||    14
   Stab: Distracted        |       |       |       |       |     1 |     1 |     1 |       ||     3
 Armour: Animal skin       |     4 |       |       |       |       |       |       |       ||     4
         Scale mail        |    14 |       |       |       |       |       |       |       ||    14
         Chain mail        |     7 |    20 |     1 |       |       |       |       |       ||    28
         Plate armour      |       |       |    78 |   146 |   783 |  1092 |  1031 |   735 ||  3865
  Dodge: Dodged            |    57 |    43 |   123 |   250 |   942 |  1116 |   990 |   916 ||  4437
  Block: Buckler           |       |       |       |       |   192 |       |       |       ||   192
